Map: Oceanborn LE

Players

Vindicta

  • Race: Terran Terran
  • League: Grandmaster
  • Spawn Location: 11:00

A.I. 1 (Very Easy) - Winner!

  • Race: Protoss Protoss
  • Spawn Location: 5:00

VOD

Have the link to the VOD?

Description

Time

  • Played on: June 19, 2024, 6:16 p.m.
  • Length: 10:15
Show
View Real Time Build Order
Export as new Build Order

Vindicta Terran 

Build Orders: 1/1/1 

Get SALT Encoding   

  12  0:00  SCV  
  13  0:12  SCV  
  14  0:17  Supply Depot  
  14  0:24  SCV  
  15  0:38  SCV  
  15  0:40  Barracks  
  16  0:44  Refinery  
  16  0:50  SCV  
  16  0:53  Refinery  
  17  1:03  SCV  
  18  1:15  SCV  
  19  1:28  Reaper  
  19  1:29  Orbital Command  
  19  1:30  Supply Depot  
  20  1:41  Factory  
  20  1:55  SCV  
  20  2:01  Barracks Reactor  
  21  2:07  SCV  
  22  2:17  Command Center  
  22  2:20  SCV  
  23  2:29  Starport  
  23  2:32  Widow Mine  
  23  2:34  SCV  
  26  2:40  Supply Depot  
  26  2:46  SCV  
  26  2:48  Marine x2  
  29  2:54  Widow Mine  
  31  3:02  SCV  
  32  3:05  Marine  
  32  3:06  Marine  
  32  3:07  Medivac  
  36  3:14  SCV  
  36  3:17  Factory Tech Lab  
  37  3:23  Marine  
  37  3:24  Marine  
  39  3:29  SCV  
  40  3:37  Barracks  
  41  3:41  SCV  
  41  3:42  Factory Tech Lab  
  41  3:44  Raven  
  41  3:45  Marine x2  
  45  3:50  Orbital Command  
  45  3:53  SCV  
  46  4:02  Siege Tank  
  49  4:05  SCV  
  49  4:07  Supply Depot  
  49  4:09  Marine  
  51  4:11  Marine  
  51  4:16  SCV  
  53  4:17  SCV  
  54  4:27  Barracks  
  54  4:29  SCV x2  
  54  4:30  Supply Depot  
  56  4:33  Stimpack  
  56  4:36  Marauder  
  58  4:39  Marine  
  58  4:41  SCV  
  58  4:44  Engineering Bay  
  60  4:47  SCV  
  60  4:48  Refinery  
  60  4:49  Marine  
  60  4:52  Starport Reactor, Factory Reactor  
  62  4:54  SCV  
  62  4:59  SCV  
  64  5:02  Supply Depot  
  64  5:04  Marine  
  64  5:06  SCV  
  66  5:07  Marine  
  66  5:11  Terran Infantry Weapons Level 1, SCV  
  68  5:14  Marauder  
  70  5:22  Combat Shield  
  70  5:23  Supply Depot  
  70  5:24  SCV  
  70  5:27  SCV, Supply Depot  
  72  5:29  Refinery  
  72  5:30  Marine, Marauder  
  75  5:36  SCV  
  75  5:37  Marauder  
  78  5:45  SCV, Marine  
  78  5:46  Supply Depot  
  78  5:48  Medivac  
  82  5:50  Medivac, Supply Depot  
  82  5:53  Marine, Marauder  
  87  5:59  Widow Mine x2  
  87  6:00  SCV  
  92  6:05  Marauder  
  92  6:07  Marine  
  95  6:11  Supply Depot  
  95  6:13  Marine  
  95  6:15  Marauder  
  98  6:21  Medivac x2  
  102  6:26  Concussive Shells, Marauder  
  102  6:29  Marine  
  102  6:31  Marine  
  106  6:34  Supply Depot  
  106  6:35  Widow Mine, Marine  
  109  6:41  Command Center  
  109  6:47  SCV x2  
  109  6:50  Marauder  
  109  6:54  Widow Mine, Marauder  
  115  6:56  Supply Depot  
  115  6:57  Widow Mine  
  115  6:59  SCV  
  120  7:04  Marine x2  
  120  7:07  Terran Infantry Armor Level 1  
  122  7:11  SCV  
  123  7:18  SCV  
  123  7:19  Supply Depot, Marine  
  123  7:20  Barracks  
  123  7:22  Barracks  
  125  7:24  SCV, Viking  
  125  7:26  Viking  
  130  7:32  SCV  
  130  7:37  Marine, Marauder  
  131  7:40  Marine x2  
  131  7:41  SCV  
  131  7:43  Widow Mine x2  
  141  7:52  SCV  
  141  7:53  Orbital Command  
  141  7:54  Marine  
  141  7:55  SCV  
  142  7:58  Marauder  
  142  8:02  Medivac  
  142  8:03  Medivac  
  142  8:04  Widow Mine, SCV  
  151  8:07  Marauder  
  151  8:08  Barracks Tech Lab, Barracks Reactor  
  154  8:18  Engineering Bay, Armory  
  156  8:22  Refinery  
  156  8:23  Refinery  
  156  8:24  Supply Depot  
  156  8:26  Supply Depot  
  156  8:27  Marine  
  155  8:29  Marauder  
  155  8:32  Viking x2  
  155  8:33  SCV  
  155  8:34  SCV  
  162  8:36  SCV  
  162  8:39  Marauder  
  165  8:45  SCV, Marine x2  
  165  8:46  SCV  
  165  8:48  Supply Depot  
  169  8:49  Supply Depot  
  169  8:54  SCV, Marauder  
  169  8:55  Ghost Academy  
  172  8:59  Marauder  
  174  9:06  Viking x2  
  178  9:11  Supply Depot  
  178  9:24  Command Center  
  178  9:25  SCV x2  
  178  9:27  Ghost  
  178  9:29  Ghost  
  184  9:32  Ghost  
  186  9:40  Viking x2  
  191  9:45  SCV  
  193  10:02  SCV x2  
  193  10:03  Barracks, SCV, Starport  
  193  10:05  Barracks x2, Fusion Core  
Show
View Real Time Build Order
Export as new Build Order

A.I. 1 (Very Easy) Protoss - Winner!

Build Orders: 1 Gate Expand, Nexus First 

Get SALT Encoding   

  12  0:00  Probe  
  13  0:13  Probe  
  14  0:19  Pylon  
  14  0:43  Gateway  
  14  1:01  Nexus  
  14  1:21  Pylon  
  14  1:22  Zealot  
  14  1:23  Assimilator  
  16  1:36  Cybernetics Core  
  16  1:37  Probe  
  17  1:50  Probe  
  18  1:59  Assimilator  
  18  2:00  Probe  
  18  2:06  Stalker  
  18  2:08  Probe  
  22  2:17  Probe  
  23  2:23  Probe  
  23  2:27  Warp Gate  
  24  2:31  Probe  
  25  2:38  Probe  
  26  2:47  Probe  
  26  2:48  Assimilator  
  26  2:50  Pylon  
  27  2:54  Probe  
  28  3:00  Probe  
  29  3:08  Probe  
  29  3:12  Probe  
  30  3:13  Zealot  
  30  3:16  Robotics Facility  
  31  3:24  Probe  
  34  3:31  Probe  
  35  3:38  Probe  
  36  3:45  Probe  
  37  3:53  Probe  
  38  4:00  Probe  
  38  4:01  Observer  
  39  4:07  Probe  
  41  4:13  Observer, Probe  
  42  4:22  Probe  
  37  4:25  Probe  
  37  4:28  Assimilator  
  37  4:29  Sentry  
  40  4:37  Probe  
  41  4:44  Probe  
  42  4:51  Probe  
  43  4:58  Probe  
  44  5:05  Probe  
  43  5:13  Probe  
  42  5:16  Probe  
  43  5:27  Probe  
  44  5:30  Probe  
  45  5:41  Probe  
  46  5:48  Probe  
  47  5:53  Pylon  
  47  5:56  Probe  
  48  6:03  Probe  
  49  6:10  Probe  
  50  7:11  Probe  
  49  7:19  Probe  
  45  7:25  Probe  
  46  7:32  Probe  
  47  7:39  Probe  
  48  7:51  Probe  
  49  7:58  Probe  
  45  8:05  Probe  
  46  8:12  Probe  
  47  8:19  Probe  
  48  8:23  Probe  
  49  8:34  Probe  
Tags
 
Add a new tag
Caveats
  • Supply blocks, unpowered buildings, or Contaminate may cause inaccurate times.
  • Supply counts are checked every 10 seconds.